 Dungeon Crawl Stone Soup version 0.28-a0-983-g1de4e0787c (webtiles) character file.

Game seed: 16365732719860435662

21132 kklluuttzz the Carver (level 13, -3/98 HPs)
             Began as a Formicid Earth Elementalist on Dec 1, 2021.
             Was an Elder of Sif Muna.
             Slain by a black mamba (5 damage)
             ... on level 2 of the Lair of Beasts on Dec 2, 2021.
             The game lasted 00:44:44 (23253 turns).

kklluuttzz the Carver (FoEE)                       Turns: 23253, Time: 00:44:44

Health: -3/98      AC:  8    Str: 15    XL:     13   Next: 17%
Magic:  17/20      EV: 18    Int: 24    God:    Sif Muna [****..]
Gold:   552        SH:  4    Dex: 11    Spells: 4/19 levels left

rFire   + . .      SeeInvis +   a - +3 long sword (flame)
rCold   + . .      Faith    +   t - +0 buckler
rNeg    . . .      Spirit   .   i - +2 robe {Will+}
rPois   +          Reflect  .   (helmet unavailable)
rElec   +          Harm     .   Q - +2 cloak
rCorr   +          Rampage  .   B - +0 pair of gloves
Will    ++...                   (no boots)
Stlth   +++.......              s - amulet of faith
HPRegen 0.26/turn               d - +4 ring of evasion
MPRegen 0.17/turn               h - +6 ring of intelligence

@: lethally poisoned (-3 -> -19), resistant, unable to read
A: permanent stasis, dig shafts and tunnels, antennae 3, four strong arms,
talons 1, inability to read while threatened
a: Dig, Shaft Self, Renounce Religion, Channel Magic, Forget Spell, Divine
Exegesis


You were on level 2 of the Lair of Beasts.
You worshipped Sif Muna.
Sif Muna was greatly pleased with you.
You visited 3 branches of the dungeon, and saw 15 of its levels.
You also visited: Ossuary.

You collected 1714 gold pieces.
You spent 1162 gold pieces at shops.

Inventory:

Hand Weapons
 a - a +3 long sword of flaming (weapon)
 c - a +3 dagger of draining
Missiles
 m - 239 stones
 n - a throwing net
Armour
 i - a +2 robe of willpower (worn)
 t - a +0 buckler (worn)
 y - +0 steam dragon scales
 B - a +0 pair of gloves (worn)
 D - +0 swamp dragon scales
 Q - a +2 cloak (worn)
Magical Staves
 b - a staff of earth
Jewellery
 d - a +4 ring of evasion (left hand)
 h - a +6 ring of intelligence (right hand)
 l - a ring of fire
 s - an amulet of faith (around neck)
 F - a +6 ring of intelligence
 H - a ring of ice
 I - a ring of positive energy
 N - the amulet of Luma {rN+ Regen+ Str+7 Dex-3 Stlth-}
   (You acquired it on level 5 of the Dungeon)

   [amulet of regeneration]

   Str:       It affects your strength (+7).
   Dex:       It affects your dexterity (-3).
   rN:        It protects you from negative energy.
   Regen:     It increases your rate of health regeneration.
   Stlth:     It makes you less stealthy.
Wands
 u - a wand of flame (32)
 A - a wand of iceblast (13)
 J - a wand of charming (14)
Scrolls
 e - 5 scrolls of teleportation
 k - 3 scrolls of holy word
 p - 2 scrolls of magic mapping
 q - a scroll of identify
 r - 5 scrolls of vulnerability
 w - 5 scrolls of enchant armour
 x - 3 scrolls of enchant weapon
 z - a scroll of summoning
 E - 2 scrolls of blinking
 K - a scroll of fog {unknown}
 M - a scroll of fear {unknown}
 O - a scroll of amnesia
Potions
 f - a potion of magic
 j - 2 potions of flight
 o - 3 potions of attraction
 v - 2 potions of brilliance
 C - a potion of mutation
 G - a potion of invisibility {unknown}
 L - a potion of might {unknown}
 P - a potion of heal wounds


   Skills:
 + Level 8.2 Fighting
 - Level 3.8(9.7) Short Blades
 - Level 13.7(14.0) Long Blades
 + Level 7.1 Dodging
 - Level 6.1 Stealth
 - Level 2.4 Shields
 - Level 3.7 Spellcasting
 - Level 2.5 Conjurations
 - Level 1.1 Transmutations
 - Level 6.3 Earth Magic
 - Level 9.5 Invocations


You had 4 spell levels left.
You knew the following spells:

 Your Spells              Type           Power      Damage    Failure   Level
a - Sandblast             Erth           70%        2d15      1%          1
b - Stone Arrow           Conj/Erth      50%        3d10      4%          3
c - Manifold Assault      Tloc           4%         N/A       95%         5
d - Petrify               Tmut/Erth      22%        N/A       22%         4
w - Passwall              Tmut/Erth      18%        N/A       3%          2

Your spell library contained the following spells:

 Spells                   Type           Power      Damage    Failure   Level
 Magic Dart               Conj           64%        1d6       3%          1
 Call Imp                 Summ           4%         N/A       16%         2
 Mephitic Cloud           Conj/Pois/Air  8%         N/A       22%         3
 Airstrike                Air            2%         N/A       69%         4
 Summon Lightning Spire   Summ/Air       4%         N/A       69%         4
 Lightning Bolt           Conj/Air       5%         1d17      86%         5
 Malign Gateway           Summ/Tloc      2%         N/A       100%        7
 Storm Form               Tmut/Air       3%         N/A       100%        7
 Summon Horrible Things   Summ           2%         N/A       100%        8
 Blink                    Tloc           Unusable   N/A       N/A         2

Dungeon Overview and Level Annotations

Branches:
Dungeon (10/15)            Temple (1/1) D:7            Lair (4/6) D:10
    Orc (0/2) D:9         Ossuary (visited)
  Swamp: Lair:2-4    Shoals: Lair:2-4     Snake: Lair:2-4    Spider: Lair:2-4

Altars:
Ashenzari
Cheibriados
Elyvilon
Fedhas
Gozag
Kikubaaqudgha
Makhleb
Nemelex Xobeh
Okawaru
Qazlal
Ru
Sif Muna
Trog
Uskayaw
Wu Jian
Yredelemnul
Zin
The Shining One

Shops:
D:5 *   D:7 *

Annotations:
D:2 Terence
D:4 2 transporters


Innate Abilities, Weirdness & Mutations

You cannot be hasted, slowed, berserked, paralysed or teleported.
You can dig through walls and to a lower floor.
You have a pair of large antennae on your head. (SInv)
Your four strong arms can wield two-handed weapons with a shield.
You have sharp toenails.
You sometimes lose the ability to read scrolls when taking damage.


Message History

Press: ? - help, Shift-Dir - straight line, f - black mamba
Aim: a black mamba (heavily wounded, 70% to hit)
The blast of sand hits the black mamba but does no damage.
The black mamba is heavily wounded.
m - 241 stones You feel extremely sick.
The black mamba completely misses you.
Casting: Sandblast (safe; 1% risk of failure)
Confirm with . or Enter, or press ? or * to list all spells.
Aiming: Sandblast (safe; 1% risk of failure)
Press: ? - help, Shift-Dir - straight line, f/p - black mamba
Aim: a black mamba (heavily wounded, 70% to hit)
The blast of sand hits the black mamba!
The black mamba is severely wounded.
m - 240 stones You feel extremely sick.
The black mamba bites you.
* * * LOW HITPOINT WARNING * * *
The black mamba closely misses you.
You feel protected.
* * * LOW HITPOINT WARNING * * *
You feel very sick. The black mamba completely misses you.
The black mamba closely misses you.
Casting: Sandblast (safe; 1% risk of failure)
Confirm with . or Enter, or press ? or * to list all spells.
You don't know that spell.
Casting: Sandblast (safe; 1% risk of failure)
Confirm with . or Enter, or press ? or * to list all spells.
Aiming: Sandblast (safe; 1% risk of failure)
Press: ? - help, Shift-Dir - straight line, f/p - black mamba
Aim: a black mamba (severely wounded, 70% to hit)
The blast of sand hits the black mamba.
The black mamba is almost dead.
m - 239 stones
* * * LOW HITPOINT WARNING * * *
You feel very sick. The black mamba bites you!
* * * LOW HITPOINT WARNING * * *
The black mamba bites you.
You die...

.....## #.......# #. $
#.#...####.......# #. #P
#.#.....P#.......#### #.:
#.#.............###.. .... ##
##.#.................. ≈..#.
#.†#......##.##.#.....
#$.##.#......#######...... { {{
#.≈.#...S..## ##.....
#..##..@....# #.....
#....#..>....## #####..... {
≈≈[.≈..##.......####..#......
..≈..≈.#.....................
..≈...##..................... #
...≈.##.........##P..#.#.....
##########...#P.#..'.......#.....
......# #..####...#.......#.....
....### ##.## ##...#P.#.###.....


You could see a black mamba.

Vanquished Creatures
  Harold (D:7)
  A hydra (Lair:1)
  2 two-headed ogres
  5 death yaks
  2 deep elf zephyrmancers (D:10)
  An ugly thing (D:7)
  2 manticores (D:7)
  A black mamba (Lair:2)
  5 cane toads (Lair:2)
  Maurice (D:8)
  Joseph (D:10)
  Maggie (D:9)
  A kobold demonologist (D:7)
  A rime drake (Lair:1)
  2 komodo dragons (Lair:2)
  A polar bear (Lair:2)
  A troll (D:7)
  2 hornets
  A shadow (D:10)
  5 yaks
  A steam dragon (D:8)
  2 basilisks
  A vampire mosquito (D:7)
  Menkaure (D:6)
  Edmund (D:5)
  8 water moccasins
  5 orc warriors
  3 sky beasts
  2 black bears (Lair:2)
  4 ice beasts
  A swamp drake (D:10)
  A hornet zombie (D:7)
  4 ogres
  5 wolves (Lair:2)
  6 centaurs
  A phantom (D:6)
  A kobold brigand (D:6)
  12 bullfrogs
  Blork the orc (D:10)
  2 water moccasin zombies (Ossuary)
  A wyvern zombie (D:6)
  5 scorpions
  10 killer bees
  A water moccasin skeleton (D:4)
  6 wights (D:7)
  A crimson imp (D:10)
  4 howler monkeys
  A bullfrog zombie (D:7)
  4 centaur zombies
  2 jellies
  6 hounds
  A bullfrog skeleton (D:6)
  3 orc priests
  An iron imp (D:10)
  2 centaur skeletons (D:6)
  10 orc wizards
  A scorpion zombie (D:5)
  3 iguanas
  A hound skeleton (D:5)
  3 mummies
  A howler monkey zombie (D:5)
  Robin (D:3)
  9 adders
  2 howler monkey skeletons
  A shadow imp (D:10)
  2 white imps
  An adder zombie (D:5)
  56 orcs
  7 ball pythons
  3 endoplasms
  4 giant cockroaches
  4 gnoll zombies (Ossuary)
  15 goblins
  5 hobgoblins
  2 jackals (D:1)
  4 quokkas
  6 bats
  4 hobgoblin zombies (Ossuary)
  7 kobolds
  7 kobold zombies (Ossuary)
  5 orc zombies (Ossuary)
  2 rats (D:1)
313 creatures vanquished.

Vanquished Creatures (others)
  An orc wizard (D:10)
  16 fungi
  33 plants
50 creatures vanquished.

Grand Total: 363 creatures vanquished

Notes
Turn   | Place    | Note
-------+----------+-------------------------------------------
     0 | D:1      | kklluuttzz the Formicid Earth Elementalist began the quest
                  | for the Orb.
     0 | D:1      | Reached XP level 1. HP: 13/13 MP: 3/3
   169 | D:1      | Reached XP level 2. HP: 19/19 MP: 0/5
   955 | D:1      | Reached XP level 3. HP: 19/24 MP: 6/6
  1114 | D:1      | Reached skill level 5 in Earth Magic
  1691 | D:2      | Found a faded altar of an unknown god.
  1734 | D:2      | Noticed Terence
  1983 | D:1      | Learned a level 2 spell: Passwall
  1988 | D:1      | Learned a level 3 spell: Stone Arrow
  3189 | D:3      | Noticed a centaur
  3292 | D:3      | Noticed Robin
  3745 | D:3      | Reached XP level 4. HP: 25/30 MP: 4/7
  3746 | D:3      | Killed Robin
  4061 | D:3      | Reached skill level 1 in Short Blades
  4634 | D:4      | Reached XP level 5. HP: 35/35 MP: 5/8
  4776 | D:4      | Found a transporter.
  4795 | D:4      | Reached XP level 6. HP: 41/41 MP: 6/9
  4866 | D:4      | Found a transporter.
  5011 | D:4      | Reached skill level 5 in Stealth
  5441 | D:5      | Entered Level 5 of the Dungeon
  5448 | D:5      | Noticed a water moccasin
  5482 | D:5      | Noticed Edmund
  5512 | D:5      | Killed a water moccasin
  5513 | D:5      | Reached XP level 7. HP: 38/46 MP: 3/10
  5811 | D:5      | Reached skill level 1 in Conjurations
  6181 | D:5      | Killed Edmund
  6182 | D:5      | Reached XP level 8. HP: 52/52 MP: 9/13
  6619 | D:5      | Found Nawk's General Store.
  6637 | D:5      | Bought a scroll of identify for 28 gold pieces
  6637 | D:5      | Bought a scroll of identify for 28 gold pieces
  6637 | D:5      | Bought a scroll of identify for 28 gold pieces
  6902 | D:5      | Found a snail-covered altar of Cheibriados.
  7004 | D:6      | Reached skill level 2 in Long Blades
  7105 | D:6      | Reached skill level 3 in Long Blades
  7263 | D:6      | Reached skill level 4 in Long Blades
  7414 | D:6      | Reached skill level 5 in Long Blades
  7527 | D:6      | Reached XP level 9. HP: 42/57 MP: 4/14
  7547 | D:6      | Reached skill level 6 in Long Blades
  7787 | D:6      | Reached skill level 7 in Long Blades
  7936 | D:6      | Noticed Menkaure
  8024 | D:7      | Reached skill level 8 in Long Blades
  8179 | D:7      | Reached skill level 9 in Long Blades
  8320 | D:7      | Reached XP level 10. HP: 32/63 MP: 2/15
  8326 | D:7      | Found a sand-covered staircase.
  8474 | Ossuary  | Entered an ossuary
  8716 | Ossuary  | Reached skill level 10 in Long Blades
  8884 | D:7      | Found a sparkling altar of Nemelex Xobeh.
  8931 | D:7      | Identified a scroll of acquirement
  8931 | D:7      | Acquired 823 gold pieces
  9023 | D:5      | Bought a staff of earth for 350 gold pieces
  9263 | D:6      | Killed Menkaure
  9815 | D:7      | Reached skill level 11 in Long Blades
  9895 | D:7      | Noticed a manticore
  9895 | D:7      | Noticed a manticore
 10176 | D:7      | Found a staircase to the Ecumenical Temple.
 10203 | D:7      | Noticed Harold
 10208 | Temple   | Entered the Ecumenical Temple
 10473 | Temple   | Became a worshipper of Sif Muna the Loreminder
 10563 | D:7      | You fall into a shaft and drop 2 floors!
 10765 | D:8      | Gained mutation: You sometimes lose the ability to read
                  | scrolls when taking damage. [potion of mutation]
 10765 | D:8      | Gained mutation: You have sharp toenails. [potion of
                  | mutation]
 10789 | D:8      | Reached skill level 12 in Long Blades
 10791 | D:8      | Noticed Maurice
 11179 | D:8      | Reached * piety under Sif Muna
 11199 | D:8      | Killed Maurice
 11366 | D:8      | Reached skill level 1 in Shields
 11396 | D:8      | Reached XP level 11. HP: 64/68 MP: 5/16
 11755 | D:8      | Found an opulent altar of Gozag.
 12281 | D:9      | Reached skill level 13 in Long Blades
 12302 | D:9      | Reached ** piety under Sif Muna
 12352 | D:9      | Found a staircase to the Orcish Mines.
 12994 | D:9      | Noticed Maggie
 13010 | D:9      | Killed Maggie
 13514 | D:7      | Killed Harold
 13850 | D:7      | Found Hossonow's Gadget Gallery.
 14318 | D:7      | Noticed a red ugly thing
 14321 | D:7      | Killed a manticore
 14321 | D:7      | Noticed a two-headed ogre
 14322 | D:7      | Reached skill level 1 in Invocations
 14324 | D:7      | You fall into a shaft and drop 2 floors!
 14618 | D:7      | Killed a two-headed ogre
 14627 | D:7      | You fall into a shaft and drop 2 floors!
 14972 | D:7      | Killed a manticore
 15298 | D:7      | Killed a red ugly thing
 15425 | D:7      | Identified the +7 glaive "Worm's Wrath" {vorpal, rC++}
 15449 | D:7      | Learned a level 5 spell: Manifold Assault
 15531 | D:7      | Learned a level 4 spell: Petrify
 15650 | D:10     | Entered Level 10 of the Dungeon
 15825 | D:10     | Reached *** piety under Sif Muna
 15853 | D:10     | Noticed Blork the orc
 15861 | D:10     | Killed Blork the orc
 15864 | D:10     | Reached skill level 5 in Invocations
 15978 | D:10     | Noticed a deep elf zephyrmancer
 15978 | D:10     | Killed a deep elf zephyrmancer
 16012 | D:10     | Reached XP level 12. HP: 84/84 MP: 14/17
 16084 | D:10     | Noticed a death yak
 16084 | D:10     | Noticed a death yak
 16148 | D:10     | Found a white marble altar of Elyvilon.
 16251 | D:10     | Noticed Joseph
 16550 | D:10     | Killed Joseph
 16819 | D:10     | Reached skill level 5 in Fighting
 16931 | D:5      | Bought a scroll of acquirement for 728 gold pieces
 16931 | D:5      | Acquired the amulet of Luma {rN+ Regen+ Str+7 Dex-3 Stlth-}
 17020 | D:10     | Noticed a death yak
 17029 | D:10     | Killed a death yak
 17111 | D:10     | Found a staircase to the Lair.
 17111 | D:10     | Noticed a death yak
 17111 | D:10     | Noticed a death yak
 17137 | D:9      | Killed a death yak
 17138 | D:9      | Reached skill level 5 in Dodging
 17424 | D:10     | Noticed a two-headed ogre
 17902 | D:10     | Killed a two-headed ogre
 18267 | D:10     | Found a white marble altar of Elyvilon.
 18366 | D:10     | Killed a death yak
 18809 | D:10     | Found a white marble altar of Elyvilon.
 18949 | D:10     | Found a staircase to the Lair.
 19012 | D:10     | Killed a death yak
 19474 | D:10     | Killed a death yak
 19733 | D:10     | Found a white marble altar of Elyvilon.
 19899 | D:10     | Found a staircase to the Lair.
 20042 | Lair:1   | Entered Level 1 of the Lair of Beasts
 20187 | Lair:1   | Upgraded the game from 0.28-a0-973-ga7f8b01127 to
                  | 0.28-a0-983-g1de4e0787c
 20197 | Lair:1   | Noticed an eight-headed hydra
 20204 | Lair:1   | Killed a six-headed hydra
 20708 | Lair:1   | You fall into a shaft and drop 1 floor!
 21360 | Lair:2   | Reached XP level 13. HP: 42/96 MP: 18/20
 22430 | Lair:2   | Reached **** piety under Sif Muna
 22619 | Lair:2   | You fall into a shaft and drop 2 floors!
 23253 | Lair:2   | HP: 2/98 [black mamba (16)]
 23253 | Lair:2   | Slain by a black mamba

Illustrated notes

Levels and vault maps discovered:
D:1:      minmay_arrival_open_corners, layout_basic
D:2:      layout_basic, shapermc_ecumenical_altar_mp_ritualfount, uniq_terence
D:3:      layout_loops_ring, uniq_robin
D:4:      layout_cave_pools, gammafunk_ghost_gnarly_gnolls, serial_bayou,
          serial_bayou_crossing, serial_bayou_pond_e, serial_bayou_lagoon_a,
          serial_bayou_pond_a, serial_bayou_pond_c, minmay_hedge_maze
D:5:      layout_basic, chei_slow_surprise, serial_shops, shop, chequers_jeans,
          st_stairs_8, uniq_edmund
D:6:      minmay_bubble_buster, layout_rooms, uniq_menkaure
D:7:      minmay_the_grid_triangle_9x9_recursive_2
          [minmay_the_grid_triangle_9x9_prize_center,
          minmay_the_grid_triangle_9x9_checkered,
          minmay_the_grid_triangle_9x9_wacky_v,
          minmay_the_grid_triangle_9x9_impossible_snake], layout_loops_ring,
          nemelex_spade_bored_becter, minmay_temple_entry_large_hall,
          serial_rivers, chequers_serial_rivers_marsh,
          chequers_serial_rivers_micro_d, chequers_serial_rivers_micro_c,
          chequers_serial_rivers_room_b, chequers_serial_rivers_small_3,
          nicolae_ossuary_entry_false_entrances, nicolae_shop_gadgets,
          uniq_harold
D:8:      layout_loops_ring, mainiacjoe_overflow_tiny_flanked, uniq_maurice
D:9:      layout_grid_maze, hiddenorc1_lemuel, uniq_maggie
D:10:     layout_loops_ring, mainiacjoe_overflow_catwalk, dpeg_lair_monsters,
          hangedman_minor_magic, uniq_joseph
Temple:   dpeg_five_rooms_temple
Lair:1:   layout_chaotic_city
Lair:2:   layout_chaotic_city, nzn_random_ring
Lair:3:   layout_roguey, serial_bayou_pond_b, chequers_serial_rivers_marsh
Lair:4:   layout_loops_ring, skrybe_swamp_entry_bodies, dummy_snake_entry,
          lemuel_fruit_tree

Skill      XL: |  1  2  3  4  5  6  7  8  9 10 11 12 13 |
---------------+----------------------------------------+-----
Earth Magic    | 4 5 6 |  6.3
Stealth        | 4 5 6 |  6.1
Short Blades   | 1 2 3 |  3.8
Conjurations   | 2 |  2.5
Spellcasting   | 3 |  3.7
Long Blades    | 5 9 12 13 | 13.7
Shields        | 2 |  2.4
Fighting       | 4 7 8 |  8.2
Dodging        | 4 6 7 |  7.1
Invocations    | 5 9 |  9.5
Transmutations | |  1.1

Action                   |  1- 3 |  4- 6 |  7- 9 | 10-12 | 13-15 || total
-------------------------+-------+-------+-------+-------+-------++-------
Melee: Unarmed           |     7 |       |       |       |       ||     7
       Dagger            |    67 |    46 |   103 |    76 |     1 ||   293
       Short sword       |    50 |     9 |       |       |       ||    59
       Long sword        |       |       |       |   457 |    76 ||   533
       Kick              |       |       |       |    89 |    23 ||   112
       Staff             |       |       |       |     5 |       ||     5
 Cast: Sandblast         |    35 |    15 |    50 |    10 |     7 ||   117
       Passwall          |     2 |     6 |    18 |    21 |     2 ||    49
       Stone Arrow       |       |       |    27 |   132 |     4 ||   163
 Abil: Dig               |     1 |     1 |     1 |     7 |       ||    10
       Shaft Self        |       |       |       |     3 |     1 ||     4
Evoke: Wand              |       |       |       |     4 |       ||     4
  Use: Scroll            |       |       |     9 |     8 |     4 ||    21
       Potion            |       |       |     2 |     8 |     2 ||    12
 Stab: Sleeping          |     5 |     5 |    18 |    29 |     1 ||    58
       Distracted        |       |       |       |     1 |       ||     1
Armor: Robe              |    46 |    18 |    22 |    82 |    13 ||   181
Dodge: Dodged            |   116 |    41 |    71 |   327 |    63 ||   618
Block: Buckler           |       |       |       |    57 |     6 ||    63

Table legend: (Time is in decaauts)
 A = Elapsed time spent in this place.
 B = Non-inter-level travel time spent in this place.
 C = Inter-level travel time spent in this place.
 D = Time resting spent in this place.
 E = Time spent auto-exploring this place.
 F = Levels seen in this place.
 G = Mean time per level.
                   A        B        C        D        E       F      G
               +--------+--------+--------+--------+--------+-----+--------+
         Total |  23094 |  21744 |   1350 |   8510 |   9278 |  16 | 1443.4 |
       Dungeon |  19272 |  18033 |   1239 |   6772 |   7817 |  10 | 1927.2 |
        Temple |    342 |    267 |     75 |    147 |    105 |   1 |  342.0 |
          Lair |   3165 |   3129 |     36 |   1488 |   1272 |   4 |  791.2 |
       Ossuary |    313 |    313 |      0 |    103 |     84 |   1 |  313.0 |
               +--------+--------+--------+--------+--------+-----+--------+

Top non-repeatable levels by time:
    D:10: 3416 daAuts
     D:7: 2885 daAuts
     D:9: 2836 daAuts
     D:1: 1976 daAuts
     D:6: 1729 daAuts
     D:5: 1643 daAuts
  Lair:2: 1548 daAuts
     D:2: 1408 daAuts
     D:8: 1272 daAuts
     D:3: 1205 daAuts
  Lair:1: 1107 daAuts
     D:4: 900 daAuts
  Lair:4: 400 daAuts
  Temple: 342 daAuts
 Ossuary: 313 daAuts
